 Dungeon Crawl Stone Soup version 0.28.0 (webtiles) character file.

Game seed: 8017277687659969891

184 cbfl8 the Sneak (level 5, 0/47 HPs)
             Began as a Minotaur Delver on Feb 7, 2022.
             Succumbed to Terence's poison
             ... on level 2 of the Dungeon.
             The game lasted 00:03:49 (2316 turns).

cbfl8 the Sneak (Minotaur Delver)                   Turns: 2316, Time: 00:03:50

Health: 0/47       AC:  3    Str: 19    XL:     5   Next: 36%
Magic:  4/4        EV: 12    Int:  7    God:
Gold:   121        SH:  0    Dex: 11    Spells: 4/4 levels left

rFire   . . .      SeeInvis .   a - +0 hand axe
rCold   . . .      Faith    .   (no shield)
rNeg    . . .      Spirit   .   b - +0 leather armour
rPois   .          Reflect  .   (helmet restricted)
rElec   .          Harm     .   (no cloak)
rCorr   .          Rampage  .   (no gloves)
Will    .....                   (no boots)
Stlth   +++.......              (no amulet)
HPRegen 0.15/turn               (no ring)
MPRegen 0.09/turn               (no ring)

@: lethally poisoned (0 -> -1)
A: horns 2, retaliatory headbutt
a: no special abilities


You were on level 2 of the Dungeon.
You visited 1 branch of the dungeon, and saw 5 of its levels.

You collected 121 gold pieces.

Inventory:

Hand Weapons
 a - a +0 hand axe (weapon)
 i - a +1 falchion of venom
Armour
 b - a +0 leather armour (worn)
 j - a +0 scale mail
Jewellery
 h - a ring of protection from fire
Wands
 g - a wand of digging (3)
Scrolls
 c - a scroll of fog
 d - a scroll of magic mapping
 e - a scroll of fear
Potions
 f - a potion of haste


   Skills:
 + Level 4.3 Fighting
 + Level 3.4 Axes
 + Level 2.1 Armour
 + Level 2.7 Dodging
 + Level 5.3 Stealth


You had 4 spell levels left.
You didn't know any spells.
Your spell library contained the following spells:

 Spells                   Type           Power      Damage    Failure   Level
 Static Discharge         Conj/Air       0%         N/A       63%         2
 Dispel Undead            Necr           0%         3d6       99%         4
 Sticky Flame             Conj/Fire      0%         2d3       99%         4


Dungeon Overview and Level Annotations

Branches:
Dungeon (5/15)
 Temple: D:4-7

Altars:
Cheibriados

Annotations:
D:2 1 runed translucent door, Crazy Yiuf


Innate Abilities, Weirdness & Mutations

You have a pair of horns on your head.
You reflexively headbutt those who attack you in melee.


Message History

Terence is severely wounded.
You feel sick. Terence hits you but does no damage.
You are lethally poisoned!
You slash Terence! You headbutt Terence.
You kill Terence!
* * * LOW HITPOINT WARNING * * *
You feel very sick.
Your Armour skill increases to level 2!
* * * LOW HITPOINT WARNING * * *
You feel sick.
Things that are here:
a +1 falchion of venom; a +0 scale mail; the human corpse of Terence
There is a lethal amount of poison in your body!
There is a lethal amount of poison in your body!
Okay, then.
As you read the scroll labelled DYELAETHRITH, it crumbles to dust.
You hear a loud clanging noise!
It was a scroll of noise.
* * * LOW HITPOINT WARNING * * *
You feel sick.
Okay, then.
* * * LOW HITPOINT WARNING * * *
You feel sick.
You see here a jackal corpse.
* * * LOW HITPOINT WARNING * * *
You feel sick.
Things that are here:
a +1 falchion of venom; a +0 scale mail; the human corpse of Terence
i - a +1 falchion of venom;
j - a +0 scale mail
* * * LOW HITPOINT WARNING * * *
You feel sick.
Keep disrobing?
* * * LOW HITPOINT WARNING * * *
You feel sick.
You start removing your armour.
You continue taking off your +0 leather armour.
* * * LOW HITPOINT WARNING * * *
You feel sick.
You continue taking off your +0 leather armour.
You die...

#. ##.##...## ####.##
#........ $.....
##......> ......
#######...#.#.#
♣♣...###.....^...#.#..
♣.....#..####.##.#...#
♣.....## #.##.###>.
..♣.♣..†..##
#.##...##.
.......@...#
#.####.##.
........##.# #.# #....
..##....# .# ..# ###..
# ###### .. ### #.(
#.. #.. ..# #.. ## #..
#.. #..


There were no monsters in sight!

Vanquished Creatures
  A jelly (D:5)
  A hound (D:3)
  An iguana (D:4)
  Terence (D:2)
  A hound skeleton (D:4)
  An adder (D:2)
  A worm (D:2)
  A dart slug (D:2)
  5 ball pythons
  4 bats
  3 endoplasms
  4 giant cockroaches
  4 goblins
  5 hobgoblins
  3 jackals (D:2)
  2 quokkas (D:1)
  3 kobolds
  4 rats (D:1)
45 creatures vanquished.

Vanquished Creatures (others)
  A plant (D:1)
1 creature vanquished.

Grand Total: 46 creatures vanquished

Notes
Turn   | Place    | Note
-------+----------+-------------------------------------------
     0 | D:5      | cbfl8 the Minotaur Delver began the quest for the Orb.
     0 | D:5      | Reached XP level 1. HP: 19/19 MP: 0/0
     4 | D:5      | Noticed a jelly
    20 | D:5      | Killed a jelly
    21 | D:5      | Reached XP level 2. HP: 13/27 MP: 1/1
    21 | D:5      | Reached XP level 3. HP: 16/33 MP: 2/2
   125 | D:4      | Reached skill level 5 in Stealth
   373 | D:4      | Reached XP level 4. HP: 36/40 MP: 3/3
   462 | D:4      | Found a snail-covered altar of Cheibriados.
   761 | D:3      | Reached skill level 1 in Armour
  1746 | D:2      | Reached XP level 5. HP: 47/47 MP: 4/4
  1782 | D:2      | Found a runed translucent door.
  1783 | D:2      | Noticed Crazy Yiuf
  1889 | D:2      | Found a faded altar of an unknown god.
  2292 | D:2      | Noticed Terence
  2308 | D:2      | Killed Terence
  2313 | D:2      | HP: 2/47 [poisoned by Terence]
  2316 | D:2      | Succumbed to Terence's poison

Illustrated notes

Levels and vault maps discovered:
D:1:      lightli_arrival_statuegarden, layout_basic
D:2:      layout_rooms, chequers_ecumenical_altar_grove, grunt_ministairs_14,
          st_stairs_11, chequers_garden, nicolae_wormholes, uniq_terence,
          uniq_crazy_yiuf_cottage
D:3:      layout_loops_ring, yredelemnul_forgotten_temple_becter
D:4:      layout_gridville, kennysheep_mini_moat,
          minmay_temple_entry_enclosed_plants
D:5:      layout_rooms, trog_wizard, minmay_shop_enchanted_jewellery

Skill      XL: |  1  2  3  4  5 |
---------------+----------------+-----
Fighting       | 4 |  4.3
Stealth        | 5 |  5.3
Armour         | 1 2 |  2.1
Axes           | 3 |  3.4
Dodging        | |  2.7

Action                   |  1- 3 |  4- 6 || total
-------------------------+-------+-------++-------
Melee: Hand axe          |    14 |    89 ||   103
       Headbutt          |     3 |    10 ||    13
       Punch             |     1 |     1 ||     2
  Use: Potion            |       |     1 ||     1
       Scroll            |       |     1 ||     1
 Stab: Sleeping          |     1 |     7 ||     8
Armor: Leather armour    |     4 |    33 ||    37
Dodge: Dodged            |     8 |    71 ||    79
